 Dungeon Crawl Stone Soup version 0.31.0-9-g3a7656b989 (webtiles) character file.

Game seed: 13834845198794853420

59 Jase the Ruffian (level 3, -3/28 HPs)
             Began as a Draconian Shapeshifter on Jan 25, 2024.
             Was a Believer of Jiyva.
             Killed by nerve-wracking pain
             ... invoked by an orc priest
              (10 damage)
             ... on level 3 of the Dungeon.
             The game lasted 00:02:55 (1613 turns).

Jase the Ruffian (Draconian Shapeshifter)           Turns: 1613, Time: 00:02:55

Health: -3/28      AC:  5    Str: 16    XL:     3   Next: 78%
Magic:  3/3        EV: 12    Int: 10    God:    Jiyva [**....]
Gold:   87         SH:  0    Dex: 12    Spells: 2/2 levels left

rFire   . .          .
                       - Unarmed
rCold   . . .        (no shield)
rNeg    . . .        (body armour unavailable)
rPois   +            (helmet currently unavailable)
rElec   .            (cloak currently unavailable)
rCorr   +            (gloves currently unavailable)
SInv    .            (boots currently unavailable)
Will    .....        f - amulet of faith
Stlth   +            h - ring of poison resistance
HPRegen 1.20/turn    (no ring)
MPRegen 0.56/turn

%: faith
@: beast-form
A: beast (slay +2), AC +5, unfitting armour, cold-blooded
a: Begin Untransformation, Renounce Religion


You were on level 3 of the Dungeon.
You worshipped Jiyva.
Jiyva was pleased with you.
You were a hulking beast.
You visited 1 branch of the dungeon, and saw 3 of its levels.

You collected 87 gold pieces.

Inventory:

Armour
 k - an orb of energy
Jewellery
 f - an amulet of faith (around neck)
 h - a ring of poison resistance (left hand)
Talismans
 b - a beast talisman
 c - a flux talisman
Scrolls
 g - a scroll of teleportation {unknown}
 j - a scroll of acquirement {unknown}
Potions
 a - 2 potions of lignification
 d - a potion of mutation {unknown}
 e - a potion of brilliance {unknown}
 i - 2 potions of curing {unknown}


   Skills:
 + Level 1.4 Fighting
 - Level 1.7 Dodging
 + Level 0.7 Stealth
 + Level 3.8 Unarmed Combat
 + Level 3.7 Shapeshifting


You had 2 spell levels left.
You didn't know any spells.
Your spell library contained the following spells:

 Spells                   Type           Power      Damage    Failure   Level
 Ozocubu's Armour         Ice            0%         N/A       75%         3
 Metabolic Englaciation   Hex/Ice        0%         N/A       100%        5
 Sculpt Simulacrum        Ice/Alch       0%         N/A       100%        6


Dungeon Overview and Level Annotations

Branches:
Dungeon (3/15)

Altars:
Jiyva

Annotations:
D:2 1 runed translucent door, Crazy Yiuf


Innate Abilities, Weirdness & Mutations

You are a hulking beast.
Your limbs bulge with bestial killing power. (Slay +2)
Your plain brown scales are hard. (AC +5)
You cannot fit into any form of body armour.
You are cold-blooded and may be slowed by cold attacks.


Message History

The orc priest hits you with a +0 whip.
You closely miss the orc priest.
The orc priest is lightly wounded.
The orc priest hits you with a +0 whip.
You hit the orc priest but do no damage.
The orc priest is lightly wounded.
The orc priest hits you but does no damage.
You barely miss the orc priest.
The orc priest is lightly wounded.
The orc priest closely misses you.
You hit the orc priest.
The orc priest is moderately wounded.
The orc priest calls down the wrath of Beogh upon you.
Beogh smites you!
You hit the orc priest.
The orc priest is heavily wounded.
The orc priest calls down the wrath of Beogh upon you.
Beogh smites you!
* * * LOW HITPOINT WARNING * * *
You closely miss the orc priest.
The orc priest is heavily wounded.
The orc priest hits you but does no damage.
You barely miss the orc priest.
The orc priest is heavily wounded.
The orc priest barely misses you.
You hit the orc priest but do no damage.
The orc priest is heavily wounded.
You hit the orc priest. Your punch misses the orc priest.
The orc priest is severely wounded.
The orc priest hits you with a +0 whip.
* * * LOW HITPOINT WARNING * * *
Okay, then.
You hit the orc priest but do no damage.
The orc priest is severely wounded.
The orc priest hits you but does no damage.
You hit the orc priest.
The orc priest is almost dead.
The orc priest calls down the wrath of Beogh upon you.
Pain shoots through your body!
You die...

...<..#.#...## #.....#.
.#..###)###..####.....#<
...........#...##.....##
##.........###.##.....##
...........# #..######..
.#######.#.####........#
#.#..............
#####.#.######......#
#o{oh...............#
#.###....#####.....##
#....# #.....# #....#
#....... #....# ####..#.
#....# #..## ######


You could see an orc priest and an orc.

Vanquished Creatures
  An adder (D:2)
  A ribbon worm (D:2)
  2 dart slugs (D:1)
  5 ball pythons
  An endoplasm (D:1)
  3 giant cockroaches
  3 goblins (D:1)
  6 hobgoblins
  A quokka (D:1)
  4 bats
  4 frilled lizards (D:1)
  4 kobolds
  6 rats
41 creatures vanquished.

Vanquished Creatures (others)
  A hobgoblin (D:2)
  3 kobolds
  A frilled lizard (D:2)
  A rat (D:2)
6 creatures vanquished.

Grand Total: 47 creatures vanquished

Notes
Turn   | Place    | Note
-------+----------+-------------------------------------------
     0 | D:1      | Jase the Draconian Shapeshifter began the quest for the
                  | Orb.
     0 | D:1      | Reached XP level 1. HP: 16/16 MP: 1/1
    78 | D:1      | Reached XP level 2. HP: 11/23 MP: 2/2
   423 | D:1      | Reached XP level 3. HP: 26/28 MP: 3/3
   509 | D:1      | Found a faded altar of an unknown god.
   513 | D:1      | Prayed at the altar of an unknown god.
   513 | D:1      | Became a worshipper of Jiyva Jivuugof the Shapeless
   513 | D:1      | Reached * piety under Jiyva
   793 | D:2      | Reached ** piety under Jiyva
  1001 | D:2      | Found a runed translucent door.
  1002 | D:2      | Noticed Crazy Yiuf
  1613 | D:3      | Killed from afar by an orc priest

Illustrated notes

Levels and vault maps discovered:
D:1:      psy_arrival_statuary, layout_rooms,
          hellmonk_ecumenical_altar_heavens_door
D:2:      layout_basic, uniq_crazy_yiuf_cottage
D:3:      layout_basic, ebering_ghost_reflecting_pool, serial_shops,
          nicolae_lakefront_shop

Action                     || total
---------------------------++-------
  Melee: Unarmed           ||   142
         Tailslap          ||    15
         Punch             ||     4
   Stab: Sleeping          ||     1
 Armour: Skin              ||    90
  Dodge: Dodged            ||    93
